 Dungeon Crawl Stone Soup version 0.31-a0-825-gf28bc0971e (webtiles) character file.

Game seed: 15278092056028588137

22 qw the Shooter (level 2, -1/17 HPs)
             Began as a Gargoyle Hunter on Sept 23, 2023.
             Slain by Natasha (8 damage)
             ... on level 2 of the Dungeon.
             The game lasted 00:00:19 (1449 turns).

qw the Shooter (Gargoyle Hunter)                    Turns: 1449, Time: 00:00:19

Health: -1/17      AC:  7    Str: 14    XL:     2   Next: 91%
Magic:  2/2        EV: 10    Int:  9    God:
Gold:   181        SH:  0    Dex: 13    Spells: 1/1 levels left

rFire   . . .        Y - +0 shortbow
rCold   . . .        (shield currently unavailable)
rNeg    + . .        i - +0 ring mail
rPois   inf          (no helmet)
rElec   +            (no cloak)
rCorr   .            (no gloves)
SInv    .            (no boots)
Will    .....        (no amulet)
Stlth   +            (no ring)
HPRegen 0.22/turn    (no ring)
MPRegen 0.08/turn

%: no passive effects
@: no status effects
A: sickness immunity, AC +2, negative energy resistance 1, electricity
resistance, torment resistance 1, petrification resistance
a: no special abilities


You were on level 2 of the Dungeon.
You visited 1 branch of the dungeon, and saw 2 of its levels.

You collected 181 gold pieces.


Innate Abilities, Weirdness & Mutations

You are immune to sickness and miasma.
Your stone body is resilient. (AC +2)
You are immune to poison.
You resist negative energy. (rN+)
You are resistant to electric shocks. (rElec)
You are resistant to unholy torment.
You are immune to petrification.


   Skills:
 - Level 2.1 Fighting
 - Level 4.8 Ranged Weapons
 + Level 0.3 Armour
 - Level 1.5 Dodging
 - Level 1.1 Stealth


You had one spell level left.
You didn't know any spells.
Your spell library was empty.

Inventory:

Hand Weapons
 Y - a +0 shortbow (weapon)
Armour
 e - a +1 hat
 i - a +0 ring mail (worn)
Jewellery
 c - an amulet of guardian spirit
Scrolls
 a - a scroll of noise {unknown}
 b - a scroll of teleportation {unknown}
Potions
 d - a potion of enlightenment {unknown}
 f - a potion of brilliance {unknown}
 g - a potion of curing
 h - 2 potions of cancellation {unknown}

Dungeon Overview and Level Annotations

Branches:
Dungeon (2/15)

Altars:
Qazlal

Annotations:
D:1 2 transporters
D:2 Natasha


Message History

You open the door.
There is an open door here.
e - a +1 hat You now have 153 gold pieces (gained 9).
You see here a ball python skeleton.
There is a stone staircase leading up here.
You now have 167 gold pieces (gained 14).
h - 2 viscous brown potions You now have 181 gold pieces (gained 14).
Found a stormy altar of Qazlal.
You open the door.
Found a stone staircase leading down.
Enter note:
There is an open door here.
You open the door.
There is an open door here.
There is an open door here.
You open the door.
Natasha, Servant of Life and Death comes into view.
Found a stone staircase leading down.
You shoot an arrow.
The arrow hits Natasha but does no damage.
Natasha hisses angrily.
Natasha mewls in sadness.
You shoot an arrow. The arrow misses Natasha.
You shoot an arrow.
The arrow hits Natasha but does no damage.
Natasha claws you but does no damage. Natasha claws you.
You shoot an arrow. The arrow barely misses Natasha.
Natasha barely misses you.
You shoot an arrow. The arrow barely misses Natasha.
Natasha closely misses you.
You shoot an arrow. The arrow hits Natasha.
Natasha is lightly wounded.
Natasha casts a spell at you. You resist with significant effort.
You shoot an arrow. The arrow closely misses Natasha.
Natasha claws you! x2
You die...
Natasha begins licking her fur clean.

.........#........#
..######...#.###### .##
#####.# .# ##'## .#
##...## .### ##.....##
.#.## ##..>....## #
....####.........###....
.......'........@h......
......##.........###....
......###.......## >
.._..## ##.....## .....#
##...## .....# ##+##
###..# #.# ###.## ##.##
....#######...#####


You could see Natasha.

Vanquished Creatures
  A dart slug (D:1)
  5 endoplasms (D:1)
  A giant cockroach (D:1)
  3 jackals (D:1)
  2 kobolds (D:1)
  2 ball pythons (D:2)
  A frilled lizard (D:2)
  2 goblins (D:1)
17 creatures vanquished.

Notes
Turn   | Place    | Note
-------+----------+-------------------------------------------
     0 | D:1      | qw the Gargoyle Hunter began the quest for the Orb.
     0 | D:1      | Reached XP level 1. HP: 12/12 MP: 1/1
     0 | D:1      | 0 ||| qw: Version: 0.3-a-83-gcd0e7d8
     0 | D:1      | 0 ||| qw: Game counter: 1790
     0 | D:1      | 0 ||| qw: Melee chars always use a shield: true
     0 | D:1      | 0 ||| qw: God list: Okawaru
     0 | D:1      | 0 ||| qw: Allow faded altars: false
     0 | D:1      | 0 ||| qw: Do Orc after clearing Dungeon:15 true
     0 | D:1      | 0 ||| qw: Do second Lair branch before Depths: true
     0 | D:1      | 0 ||| qw: Lair rune preference: random
     0 | D:1      | 0 ||| qw: Goals: Normal
     0 | D:1      | 0 ||| PLANNING D:1-11
   254 | D:1      | Reached XP level 2. HP: 17/17 MP: 2/2
   748 | D:1      | 748 ||| UPGRADING to +0 ring mail.
   758 | D:1      | 758 ||| DROPPING +0 leather armour.
   759 | D:1      | 759 ||| READING scroll labelled CYRAOH QIMUI.
   760 | D:1      | 760 ||| READING 2 scrolls labelled RERAUCR ZAGAP.
   761 | D:1      | 761 ||| READING scroll labelled MUFRIB RASEUTH.
   762 | D:1      | 762 ||| READING scroll labelled XUOQOQOIQAUPT.
   775 | D:1      | 775 ||| READING scroll labelled LYAWKE FUSS.
   776 | D:1      | 776 ||| DRINKING 2 white potions.
   777 | D:1      | 777 ||| DROPPING scroll of butterflies.
   778 | D:1      | 778 ||| DROPPING scroll of poison.
  1381 | D:2      | Found a stormy altar of Qazlal.
  1442 | D:2      | Noticed Natasha
  1449 | D:2      | Slain by Natasha

Levels and vault maps discovered:
D:1:      spicycebolla_arrival_transporter_tutorial, layout_basic
D:2:      layout_loops_corners, basic_altar, minmay_parallelograms, uniq_natasha

Action                     || total
---------------------------++-------
   Fire: Shortbow          ||    52
    Use: Scroll            ||     5
         Potion            ||     1
 Armour: Leather armour    ||     7
         Ring mail         ||     4
  Dodge: Dodged            ||     7

Table legend:
 A = Non-vault XP
 B = Vault XP
 C = Vault XP percentage of total XP
 D = Non-vault monster count
 E = Vault monster count
 F = Vault count percentage of total count
                 A         B        C        D         E       F
            +---------+---------+-------+---------+---------+-------
      Total |      32 |       0 |   0.0 |      17 |       0 |   0.0
            +---------+---------+-------+---------+---------+-------
        D:1 |      29 |       0 |   0.0 |      14 |       0 |   0.0
        D:2 |       3 |       0 |   0.0 |       3 |       0 |   0.0
            +---------+---------+-------+---------+---------+-------
